 Dungeon Crawl Stone Soup version 0.22-a0-373-gab1296c (webtiles) character file.

634659 4thArraOfDagon the Sorcerer (level 27, -1/113 HPs)
             Began as a Spriggan Fire Elementalist on Apr 25, 2018.
             Was the Champion of Vehumet.
             Slain by a freezing wraith (15 damage)
             ... on level 18 of a ziggurat.
             The game lasted 03:20:59 (32570 turns).

4thArraOfDagon the Sorcerer (SpFE)                 Turns: 32570, Time: 03:21:00

Health: -1/113     AC:  5    Str:  6    XL:     27
Magic:  63/63      EV: 33    Int: 40    God:    Vehumet [******]
Gold:   3741       SH:  0    Dex: 20    Spells: 16/78 levels left

rFire    + . .     SeeInvis +   W - +1 short sword "Aneuntamp" {speed, rF+ Str+2 Int+7}
rCold    . . .     Gourm    .   (shield restricted)
rNeg     . . .     Faith    .   Z - +1 robe "Citeareg" {+Inv rElec Int+5 Slay-4}
rPois    .         Spirit   .   D - +2 hat
rElec    +         Reflect  .   V - scarf {repulsion}
rCorr    .         Harm     .   (gloves unavailable)
MR       ++++.                  (boots unavailable)
Stlth    +++.......             k - amulet of magic regeneration
HPRegen  0.28/turn              w - +4 ring of intelligence
MPRegen  0.63/turn              Y - ring of magical power

@: very slightly contaminated, studying Charms, repel missiles, very quick
A: very small, unfitting armour, see invisible, dopey 1, herbivore, speed 3,
frail 1, mutation resistance 1, slow metabolism 2, wild magic 1
}: 2/15 runes: barnacled, gossamer
a: Renounce Religion, Evoke Invisibility


You were on level 18 of a ziggurat.
You worshipped Vehumet.
Vehumet was exalted by your worship.
You were very full.

You visited 9 branches of the dungeon, and saw 44 of its levels.
You visited 1 ziggurat, and saw 18 of its levels.
You also visited: Labyrinth, Ossuary, Bailey and Ice Cave.

You collected 5611 gold pieces.
You spent 1870 gold pieces at shops.

Inventory:

Hand Weapons
 n - the +7 Spriggan's Knife {MR+ EV+4 Dex+4 Stlth+}
   (You took it off a merfolk on level 4 of the Shoals)

   It affects your evasion (+4).
   It affects your dexterity (+4).
   It affects your resistance to hostile enchantments.
   It makes you more stealthy.
 W - the +1 short sword "Aneuntamp" (weapon) {speed, rF+ Str+2 Int+7}
   (You bought it in a shop on level 12 of the Dungeon)

   Attacks with this weapon are significantly faster.
   It affects your strength (+2).
   It affects your intelligence (+7).
   It protects you from fire.
Missiles
 G - 14 throwing nets (quivered)
Armour
 v - a +4 troll leather armour {Snorg}
 D - a +2 hat (worn)
 V - a scarf of repulsion (worn)
 Z - the +1 robe "Citeareg" (worn) {+Inv rElec Int+5 Slay-4}
   (You acquired it on level 14 of the Dungeon)

   It affects your intelligence (+5).
   It affects your accuracy and damage with ranged weapons and melee attacks
   (-4).
   It insulates you from electricity.
   It lets you turn invisible.
Magical Staves
 a - a cursed staff of power {!a}
 d - an uncursed staff of energy {!a}
Jewellery
 e - an uncursed ring of poison resistance
 i - an uncursed ring of positive energy
 k - an amulet of magic regeneration (around neck)
 w - a +4 ring of intelligence (left hand)
 B - the brooch of Shielding {Reflect SH+8}
   (You found it on level 16 of a ziggurat)

   [amulet of reflection]

   It shields you and reflects attacks.
   It affects your SH (+8).
 E - an uncursed ring of ice
 Q - an uncursed ring of protection from magic
 U - an uncursed ring of fire
 Y - a ring of magical power (right hand)
Wands
 b - a wand of acid (27)
 t - a wand of scattershot (2)
 L - a wand of clouds (4)
 N - a wand of digging (23)
 O - a wand of iceblast (33)
Scrolls
 g - 21 scrolls of remove curse
 h - 22 scrolls of teleportation
 l - 9 scrolls of enchant armour
 m - 5 scrolls of blinking
 o - 7 scrolls of amnesia
 r - 2 scrolls of holy word
 x - 3 scrolls of fear
 C - 7 scrolls of magic mapping
 J - 10 scrolls of fog
 P - 17 scrolls of identify
 T - 6 scrolls of immolation
Potions
 f - 2 potions of cancellation
 j - 13 potions of curing
 p - 4 potions of magic
 q - 4 potions of haste
 s - 13 potions of mutation
 u - 6 potions of flight
 z - 5 potions of brilliance
 A - 5 potions of agility
 H - 11 potions of might
 K - 3 potions of resistance
 R - 3 potions of heal wounds
 S - 7 potions of ambrosia
Books
 I - a manual of Charms
Miscellaneous
 y - a lamp of fire
 F - a lightning rod (4/4)
 M - 4 phantom mirrors
 X - 7 boxes of beasts
Comestibles
 c - 56 rations


   Skills:
 - Level 7.0 Fighting
 - Level 16.0 Dodging
 - Level 3.0 Stealth
 - Level 26.0 Spellcasting
 * Level 16.5 Conjurations
 - Level 7.4 Necromancy
 - Level 6.1 Fire Magic
 * Level 17.1 Ice Magic
 - Level 21.4 Earth Magic
   Level 13.8 Invocations


You had 16 spell levels left.
You knew the following spells:

 Your Spells              Type           Power        Failure   Level  Hunger
a - Flame Tongue          Conj/Fire      #####        1%          1    None
b - Conjure Flame         Conj/Fire      ########     1%          3    None
c - Sticky Flame          Conj/Fire      ########     1%          4    None
d - Fireball              Conj/Fire      ########..   1%          5    None
e - Lee's Rapid Deconstr  Erth           ########..   1%          5    None
f - Petrify               Tmut/Erth      ########     1%          4    None
g - Sublimation of Blood  Necr           #######...   1%          2    None
h - Iron Shot             Conj/Erth      ########..   1%          6    None
i - Shatter               Erth           ########..   2%          9    None
j - Glaciate              Conj/Ice       ########..   13%         9    None
k - Apportation           Tloc           ######       1%          1    None
l - Passwall              Tmut/Erth      ########..   1%          2    None
m - Blink                 Tloc           N/A          1%          2    None
n - Regeneration          Chrm/Necr      #######...   1%          3    None
o - Bolt of Cold          Conj/Ice       ########..   1%          6    None


Dungeon Overview and Level Annotations

Branches:
Dungeon (15/15)            Temple (1/1) D:4            Lair (6/6) D:9
 Shoals (4/4) Lair:2       Spider (4/4) Lair:4          Orc (2/2) D:11
    Elf (3/3) Orc:2        Vaults (4/5) D:13          Crypt (0/3) Vaults:3
 Depths (5/5) D:15            Zot (0/5) Depths:5
  Slime: Lair:5-6

Altars:
Ashenzari
Cheibriados
Dithmenos
Elyvilon
Fedhas
Gozag
Hepliaklqana
Kikubaaqudgha
Makhleb
Nemelex Xobeh
Okawaru
Qazlal
Ru
Sif Muna
Trog
Uskayaw
Vehumet
Wu Jian
Xom
Yredelemnul
Zin
The Shining One
Beogh
Lugonu

Shops:
D:7 *   D:12 (   D:14 [   Orc:2 (=*[   Elf:2 =   Shoals:1 [   Shoals:4 (((!(
Vaults:1 *   Vaults:4 :   Depths:2 *[!

Portals:
Hell: Depths:2 Depths:3
Abyss: Depths:2 Depths:4 Depths:5
Pandemonium: Depths:3

Annotations:
D:10 exclusion: obsidian statue
D:11 Urug
Orc:2 Donald
Elf:2 5 runed doors


Innate Abilities, Weirdness & Mutations

You are very small and have problems with some larger weapons.
You are too small for most types of armour.
You have supernaturally acute eyesight. (SInv)
You are a herbivore.
You cover ground extremely quickly.
You need to consume almost no food.
You are dopey. (Int -2)
You are frail. (-10% HP)
You are somewhat resistant to further mutation.
Your spells are a little harder to cast, but a little more powerful.


Message History

Vehumet accepts your kill.
You feel your power returning.
The sphinx zombie is lightly damaged.
You destroy the war gargoyle!
Vehumet accepts your kill.
The reaper is heavily wounded.
The iron giant is moderately wounded.
You kill the iron imp!
Vehumet accepts your kill.
You kill the reaper!
Vehumet accepts your kill.
The caustic shrike zombie completely misses you.
The caustic shrike zombie claws you! The juggernaut zombie hits you!!
The juggernaut zombie hits you!
The iron giant throws the freezing wraith at you!
* * * LOW HITPOINT WARNING * * *
The freezing wraith hits you!
* * * LOW HITPOINT WARNING * * *
The freezing wraith freezes you!
You die...

............▓▓
.......................▓
.......................▓
........................
)).Z....................
:.......................
C.......................
WZ....Z...)...........∩.
Z2....Z@................
Z.)....W................
))......................
........................
.......................▓
.......................▓
......................▓▓
......................▓
....................▓▓


You could see an iron giant, a reaper, 2 freezing wraiths, a sphinx zombie, 2
tengu reaver zombies, a caustic shrike zombie and 2 juggernaut zombies.

Vanquished Creatures
  5 juggernauts
  A greater mummy (Depths:2)
  Bai Suzhen (Depths:3)
  4 pandemonium lords
  Frederick (Vaults:3)
  2 caustic shrikes (Zig:14)
  A golden dragon (Depths:4)
  Arachne (Spider:3)
  2 bone dragons
  2 Tzitzimimeh
  A Brimstone Fiend (Zig:15)
  2 hellephants (Zig:14)
  4 iron giants
  An Ice Fiend (Zig:15)
  4 Hell Sentinels
  4 liches
  3 tentacled monstrosities
  2 titans (Depths:2)
  2 deep elf master archers (Elf:3)
  2 deep elf blademasters (Elf:3)
  Asterion (Spider:2)
  Polyphemus (Shoals:4)
  5 Executioners
  4 ancient champions (Zig:13)
  5 sphinxes
  A storm dragon (Depths:5)
  6 tengu reavers
  2 draconian monks (Depths:5)
  Ilsuiw (Shoals:4)
  3 revenants (Zig:13)
  A shadow dragon (Depths:5)
  9 fire giants
  Kirke (Shoals:4)
  5 deep elf sorcerers
  2 balrugs
  A cacodemon (Zig:15)
  6 vault wardens
  13 frost giants
  2 iron dragons
  9 emperor scorpions
  3 warmongers
  A caustic shrike zombie (Zig:11)
  2 juggernaut zombies (Zig:18)
  8 reapers
  10 orc warlords
  5 ghost moths
  3 curse skulls (Zig:13)
  2 ghouls
  The ghost of iamserjio the Fighter, an adept VSEn of Ru (Spider:3)
  7 deep elf elementalists
  14 stone giants
  2 war gargoyles (Zig:18)
  18 very ugly things
  9 spriggan defenders
  11 ironheart preservers
  6 entropy weavers
  2 blood saints (Zig:15)
  6 vampire knights
  Nessos (Orc:2)
  5 corrupters
  3 black draconians (Depths:5)
  11 deep elf demonologists
  7 deep elf annihilators (Elf:3)
  A red draconian (Depths:5)
  2 lorocyprocas
  A dire elephant (shapeshifter) (Zig:3)
  2 purple draconians (Depths:5)
  A black sun (Zig:9)
  2 dire elephants (Zig:14)
  10 spark wasps
  2 eidola (Zig:13)
  A minotaur (Lab)
  Snorg (Lair:6)
  15 ettins
  5 deep elf death magi
  7 merfolk impalers
  3 merfolk javelineers
  5 fire dragons
  7 green deaths
  11 yaktaur captains
  A quicksilver dragon zombie (Zig:11)
  A blizzard demon (Zig:15)
  3 jiangshi (Depths:2)
  2 deep elf high priests (Elf:3)
  16 vault guards
  A great orb of eyes (shapeshifter) (Depths:3)
  9 great orbs of eyes
  10 spriggan air magi
  A hydra (shapeshifter) (Depths:3)
  A quicksilver dragon skeleton (Depths:3)
  6 rakshasas
  2 hell beasts
  18 hydras
  9 ice dragons
  5 merfolk avatars
  6 catoblepae
  4 merfolk aquamancers
  32 two-headed ogres
  An alligator snapping turtle (Shoals:4)
  10 centaur warriors
  10 ogre magi
  11 dancing weapons
  An anaconda (Zig:4)
  3 satyrs
  6 death knights
  3 tengu warriors
  A two-headed ogre (shapeshifter) (Depths:3)
  4 deep troll shamans
  7 vampire magi
  7 orc high priests
  7 spriggan berserkers
  8 death yaks
  2 naga sharpshooters (Zig:4)
  10 deep troll earth magi
  A storm dragon zombie (Vaults:2)
  20 deep elf knights
  The ghost of iamserjio the Quickloader, a novice KoHu of Okawaru (D:10)
  2 sun demons (Depths:3)
  A titan skeleton (Depths:2)
  14 hell knights
  A spark wasp zombie (Zig:11)
  2 shadow wraiths
  27 deep trolls
  A salamander mystic (Depths:1)
  11 skeletal warriors
  3 unseen horrors
  A torturous demonspawn (Zig:9)
  A spriggan druid (Zig:7)
  An unseen horror (shapeshifter) (Depths:3)
  3 shadow demons
  2 iron trolls
  9 sea snakes
  A shadow dragon zombie (Depths:2)
  3 wizards
  6 flayed ghosts
  3 glowing orange brains
  A gelid demonspawn (Zig:8)
  A swamp dragon (Zig:7)
  22 harpies
  17 deep elf archers
  An orange crystal statue (Zig:4)
  12 necromancers
  2 golden dragon skeletons
  An obsidian statue (Depths:3)
  8 ironbrand convokers
  7 phantasmal warriors
  A shambling mangrove (Zig:7)
  13 fauns
  11 orc knights
  7 oklob plants
  37 wolf spiders
  54 deep elf magi
  10 manticores
  A frost giant zombie (Vaults:3)
  A mana viper (Zig:4)
  14 orb spiders
  40 ugly things
  13 orc sorcerers
  A fire giant zombie (Zig:6)
  A cyclops (shapeshifter) (Vaults:3)
  4 salamanders (Depths:1)
  11 cyclopes
  A large abomination (Zig:9)
  11 moths of wrath
  3 sphinx skeletons (Vaults:3)
  A naga mage (Zig:4)
  Maurice (Orc:2)
  5 black mambas
  An ice statue (IceCv)
  10 merfolk sirens
  2 stone giant skeletons
  16 vault sentinels
  A frost giant skeleton (Vaults:3)
  A guardian serpent (shapeshifter) (Vaults:1)
  10 rust devils
  A titan simulacrum (Depths:2)
  An orange demon (Zig:9)
  4 water nymphs
  A gargoyle (Depths:2)
  5 torpor snails
  2 fire giant skeletons
  A centaur zombie (D:14)
  A smoke demon (Zig:15)
  A kobold demonologist (D:13)
  3 rime drakes
  An efreet (Zig:11)
  14 spiny frogs
  2 yaktaurs (shapeshifter)
  A komodo dragon (shapeshifter) (Elf:1)
  11 komodo dragons
  5 tormentors
  3 hellions
  2 yaktaur skeletons (Vaults:3)
  3 ice devils
  19 demonic crawlers
  49 yaktaurs
  11 freezing wraiths
  5 red devils
  25 merfolk
  21 polar bears
  11 trolls
  3 tengu conjurers
  6 wind drakes
  A polar bear (shapeshifter) (Depths:2)
  A meliai (shapeshifter) (Elf:3)
  2 golden dragon simulacra (Depths:2)
  8 hornets
  9 meliai
  40 slime creatures
  43 jumping spiders
  A sphinx simulacrum (Depths:2)
  A wind drake (shapeshifter) (Depths:1)
  4 dream sheep
  Grinder (D:4)
  A hornet (shapeshifter) (Depths:2)
  A bog body (Zig:7)
  A blink frog (shapeshifter) (D:14)
  2 spriggan zombies
  An iron dragon simulacrum (Depths:3)
  10 hippogriffs
  9 snapping turtles
  A fire giant simulacrum (Vaults:3)
  5 blink frogs
  50 tarantellas
  70 redbacks
  An air elemental (Elf:1)
  A yak (shapeshifter) (Vaults:4)
  75 yaks
  2 vampires (Depths:2)
  A ynoxinul (Zig:8)
  6 spriggans
  A tarantella (shapeshifter) (Vaults:2)
  3 ettin skeletons
  11 water elementals
  A shadow (Zig:6)
  7 wraiths
  4 wyverns
  2 fire bats (Depths:1)
  5 basilisks
  5 fire elementals
  A golden eye (shapeshifter) (D:13)
  A human (Depths:2)
  A chaos spawn (Zig:3)
  5 hungry ghosts
  A neqoxec (Zig:15)
  6 hogs (Shoals:4)
  4 vampire mosquitoes (D:14)
  Menkaure (D:6)
  10 wargs
  A naga (Zig:4)
  3 acid dragons
  2 hell hounds
  A tengu skeleton (Zig:6)
  A floating eye (Depths:2)
  12 water moccasins
  5 porcupines
  3 swamp drakes (Zig:7)
  A spriggan simulacrum (Depths:3)
  8 sky beasts
  2 eyes of draining
  A meliai simulacrum (D:14)
  57 orc warriors
  6 slaves (Depths:2)
  5 ice beasts
  A phantom (D:13)
  10 black bears
  33 wolves
  24 centaurs
  51 ogres
  19 boggarts
  An orc skeleton (Vaults:2)
  13 crocodiles
  5 big kobolds
  3 human zombies
  3 elf zombies
  15 bullfrogs
  5 earth elementals
  2 spectral wargs (Depths:2)
  5 human skeletons (Vaults:3)
  3 scorpions
  13 killer bees
  A water moccasin skeleton (D:9)
  An elf simulacrum (Vaults:2)
  5 human simulacra
  9 wights
  An electric eel (Spider:1)
  A howler monkey (D:6)
  13 crimson imps
  3 bullfrog zombies
  2 quasits
  5 hounds
  4 jellies
  29 orc priests
  8 iron imps
  2 bullfrog skeletons
  5 centaur skeletons
  4 iguanas
  Natasha (D:3)
  26 orc wizards
  A lightning spire (Zig:6)
  9 worker ants
  A hound skeleton (D:11)
  3 mummies (Ossuary)
  A howler monkey zombie (D:9)
  4 gnolls
  10 adders
  6 shadow imps
  A white imp (Depths:3)
  3 adder skeletons
  A worm (D:4)
  4 dart slugs
  8 leopard geckos
  130 orcs
  6 giant cockroaches
  12 goblins
  7 hobgoblins
  4 jackals
  30 kobolds
  4 quokkas
  A ball python (D:4)
  2 bats
  3 frilled lizards
  2 goblin zombies (Ossuary)
  3 hobgoblin zombies (Ossuary)
  A kobold zombie (Ossuary)
  A leopard gecko skeleton (D:8)
  2 orc zombies
  3 rats (D:1)
  12 blocks of ice
  2 crawling corpses (Elf:3)
  2 fungi
  8 plants
2372 creatures vanquished.

Vanquished Creatures (collateral kills)
  2 deep elf magi (Elf:2)
  An earth elemental (Elf:2)
3 creatures vanquished.

Vanquished Creatures (others)
  An eldritch tentacle (Zig:2)
  An air elemental (Elf:3)
  A block of ice (Zig:15)
  A fungus (Lair:6)
  8 plants
  A withered plant (Depths:2)
13 creatures vanquished.

Grand Total: 2388 creatures vanquished

Notes
Turn   | Place    | Note
-------+----------+-------------------------------------------
     0 | D:1      | 4thArraOfDagon the Spriggan Fire Elementalist began the quest for the Orb.
     0 | D:1      | Reached XP level 1. HP: 9/9 MP: 5/5
   126 | D:1      | Reached skill level 1 in Conjurations
   219 | D:1      | Reached XP level 2. HP: 8/13 MP: 0/6
   257 | D:2      | You fall through a shaft for 2 floors!
   270 | D:5      | Entered Level 5 of the Dungeon
   270 | D:5      | Noticed a centaur
   279 | D:4      | Noticed an ogre
   285 | D:4      | Reached skill level 3 in Spellcasting
   343 | D:4      | Killed an ogre
   343 | D:4      | Reached XP level 3. HP: 15/16 MP: 1/9
   343 | D:4      | Reached XP level 4. HP: 19/21 MP: 1/10
   355 | D:4      | Learned a level 3 spell: Conjure Flame
   360 | D:4      | Learned a level 4 spell: Sticky Flame
   360 | D:4      | Noticed an ogre
   363 | D:4      | Found a staircase to the Ecumenical Temple.
   377 | Temple   | Entered the Ecumenical Temple
   414 | Temple   | Became a worshipper of Vehumet
   505 | D:4      | Killed an ogre
   505 | D:4      | Reached XP level 5. HP: 24/24 MP: 6/11
   611 | D:2      | Reached skill level 4 in Spellcasting
   977 | D:1      | Reached * piety under Vehumet
   977 | D:1      | Offered knowledge of Shock by Vehumet.
  1210 | D:2      | Reached XP level 6. HP: 28/28 MP: 5/13
  1483 | D:2      | Found a burning altar of Makhleb.
  1485 | D:2      | Found a shattered altar of Ashenzari.
  1485 | D:2      | Found a bloodstained altar of Trog.
  1487 | D:2      | Found a shimmering altar of Xom.
  1487 | D:2      | Found a radiant altar of Vehumet.
  1487 | D:2      | Found a burning altar of Makhleb.
  1733 | D:3      | Learned a level 5 spell: Fireball
  2050 | D:3      | Noticed Natasha
  2054 | D:3      | Killed Natasha
  2418 | D:4      | Found a snail-covered altar of Cheibriados.
  2616 | D:4      | Noticed Grinder
  2640 | D:4      | Killed Grinder
  2640 | D:4      | Reached XP level 7. HP: 12/32 MP: 2/15
  2883 | D:4      | Offered knowledge of Freeze by Vehumet.
  3026 | D:5      | Found a white marble altar of Elyvilon.
  3026 | D:5      | Found a glowing golden altar of the Shining One.
  3026 | D:5      | Found a glowing silver altar of Zin.
  3126 | D:5      | Reached skill level 5 in Spellcasting
  3168 | D:5      | Found an iron altar of Okawaru.
  3315 | D:5      | Reached ** piety under Vehumet
  3350 | D:5      | Found an opulent altar of Gozag.
  3350 | D:5      | Found an ornate altar of the Wu Jian Council.
  3470 | D:5      | Found a deep blue altar of Sif Muna.
  3759 | D:6      | Reached skill level 5 in Fire Magic
  3764 | D:6      | Found a bloodstained altar of Trog.
  3766 | D:6      | Noticed Menkaure
  3882 | D:6      | Killed Menkaure
  4005 | D:6      | Reached XP level 8. HP: 22/36 MP: 12/17
  4276 | D:7      | Found a sacrificial altar of Ru.
  4440 | D:7      | Reached skill level 5 in Dodging
  4543 | D:7      | You fall through a shaft!
  4577 | D:8      | Found a blossoming altar of Fedhas.
  4615 | D:8      | Found a sand-covered staircase.
  4698 | Ossuary  | Entered an ossuary
  4827 | Ossuary  | Offered knowledge of Throw Frost by Vehumet.
  4827 | Ossuary  | Reached skill level 6 in Spellcasting
  4845 | Ossuary  | Reached skill level 5 in Conjurations
  4993 | Ossuary  | Reached skill level 14 in Spellcasting
  4993 | Ossuary  | Reached XP level 9. HP: 39/39 MP: 18/28
  5060 | D:8      | Reached *** piety under Vehumet
  5149 | D:8      | Learned a level 5 spell: Lee's Rapid Deconstruction
  5280 | D:8      | Found a sparkling altar of Nemelex Xobeh.
  5292 | D:8      | Reached skill level 1 in Earth Magic
  5403 | D:8      | Offered knowledge of Olgreb's Toxic Radiance by Vehumet.
  5475 | D:8      | Reached XP level 10. HP: 35/44 MP: 25/29
  5727 | D:7      | Found Laemosite's Assorted Antiques.
  5730 | D:7      | Bought a scroll labeled ERAOXK PASU for 28 gold pieces
  5730 | D:7      | Bought a scroll of magic mapping for 98 gold pieces
  5798 | D:7      | Found a shadowy altar of Dithmenos.
  5844 | D:7      | Found a bloodstained altar of Trog.
  6036 | D:7      | Reached **** piety under Vehumet
  6439 | D:9      | Offered knowledge of Yara's Violent Unravelling by Vehumet.
  6738 | D:9      | Found a glowing silver altar of Zin.
  6784 | D:9      | Found a staircase to the Lair.
  6947 | D:9      | Noticed a two-headed ogre
  6960 | D:9      | Killed a two-headed ogre
  7087 | D:10     | Entered Level 10 of the Dungeon
  7146 | D:10     | Reached ***** piety under Vehumet
  7154 | D:10     | Offered knowledge of Ozocubu's Refrigeration by Vehumet.
  7278 | D:10     | Reached skill level 5 in Earth Magic
  7299 | D:10     | Reached XP level 11. HP: 35/47 MP: 18/30
  7372 | D:10     | Noticed an unseen horror
  7381 | D:10     | Killed an unseen horror
  7381 | D:10     | Reached skill level 15 in Spellcasting
  7683 | D:10     | Noticed iamserjio's ghost (novice KoHu)
  7722 | D:10     | Killed iamserjio's ghost
  7867 | D:10     | Noticed an obsidian statue
  8093 | D:11     | Offered knowledge of Bolt of Cold by Vehumet.
  8122 | D:11     | Found a staircase to the Orcish Mines.
  8225 | D:11     | Noticed Urug
  8420 | D:12     | Found Gumelas's Antique Weapon Shoppe.
  8423 | D:12     | Bought an ancient short sword for 160 gold pieces
  8423 | D:12     | Identified the +1 short sword "Aneuntamp" {speed, rF+ Str+2 Int+7} (You bought it in a shop on level 12 of the Dungeon)
  8619 | D:12     | Reached skill level 10 in Dodging
  8931 | D:13     | Noticed a skeletal warrior
  8955 | D:13     | Killed a skeletal warrior
  9043 | D:13     | Noticed a death knight
  9082 | D:13     | Noticed a centaur warrior
  9092 | D:13     | Noticed a white ugly thing
  9107 | D:13     | Killed a white ugly thing
  9170 | D:13     | Killed a centaur warrior
  9170 | D:13     | Reached XP level 12. HP: 49/51 MP: 26/32
  9253 | D:13     | Killed a death knight
  9293 | D:13     | Noticed a vault guard
  9298 | D:13     | Noticed a vault guard
  9315 | D:13     | Killed a vault guard
  9319 | D:13     | Killed a vault guard
  9362 | D:13     | Noticed a vault guard
  9380 | D:13     | Noticed a vault guard
  9388 | D:13     | Killed a vault guard
  9394 | D:13     | Killed a vault guard
  9394 | D:13     | Offered knowledge of Freezing Cloud by Vehumet.
  9394 | D:13     | Reached skill level 16 in Spellcasting
  9474 | D:13     | Found a gate to the Vaults.
  9492 | D:13     | Noticed a vault guard
  9516 | D:13     | Killed a vault guard
  9578 | D:13     | Noticed a vault guard
  9603 | D:13     | Killed a vault guard
  9705 | D:13     | Noticed a vault guard
  9733 | D:13     | Killed a vault guard
  9739 | D:13     | Noticed a centaur warrior
  9806 | D:13     | Reached skill level 10 in Earth Magic
  9849 | D:13     | Noticed a vault guard
  9859 | D:13     | Killed a vault guard
 10380 | D:13     | Noticed a catoblepas
 10475 | D:14     | Found a flagged portal.
 10491 | Bailey   | Entered a bailey
 10577 | Bailey   | Reached XP level 13. HP: 55/55 MP: 21/34
 10855 | D:14     | Found Zimo's Armour Shoppe.
 10944 | D:14     | Identified a scroll of acquirement
 10945 | D:14     | Got a tattered robe
 10994 | D:14     | Identified the +1 robe "Citeareg" {+Inv rElec Int+5 Slay-4} (You acquired it on level 14 of the Dungeon)
 11024 | D:15     | Entered Level 15 of the Dungeon
 11070 | D:15     | Reached skill level 17 in Spellcasting
 12017 | D:14     | Reached XP level 14. HP: 41/59 MP: 8/36
 12250 | D:11     | Offered knowledge of Lightning Bolt by Vehumet.
 12433 | D:11     | Reached skill level 18 in Spellcasting
 12687 | Orc:1    | Entered Level 1 of the Orcish Mines
 12771 | Orc:1    | Found a frozen archway.
 12788 | IceCv    | Entered an ice cave
 13225 | IceCv    | Noticed a frost giant
 13236 | IceCv    | Killed a frost giant
 13361 | IceCv    | Offered knowledge of Poison Arrow by Vehumet.
 13783 | Orc:2    | Entered Level 2 of the Orcish Mines
 13843 | Orc:2    | Noticed Donald
 14115 | Orc:2    | Learned a level 4 spell: Petrify
 14182 | Orc:2    | Reached ****** piety under Vehumet
 14305 | Orc:2    | Noticed Maurice
 14335 | Orc:2    | Killed Maurice
 14463 | Orc:2    | Found a staircase to the Elven Halls.
 14520 | Orc:2    | Found a roughly hewn altar of Beogh.
 14524 | Orc:2    | Noticed an orc warlord
 14597 | Orc:2    | Killed an orc warlord
 14672 | Orc:2    | Found Hocee's Antique Armour Boutique.
 14672 | Orc:2    | Noticed Nessos
 14686 | Orc:2    | Killed Nessos
 14713 | Orc:2    | Found Zostaopu's Jewellery Boutique.
 14728 | Orc:2    | Found Kiucwedgh's Antique Weapon Boutique.
 14744 | Orc:2    | Found Ubauc's General Store.
 14752 | Orc:2    | Bought a potion of heal wounds for 50 gold pieces
 14752 | Orc:2    | Bought a potion of curing for 30 gold pieces
 14825 | Elf:1    | Entered Level 1 of the Elven Halls
 14853 | Elf:2    | Found Upluh's Jewellery Shop.
 14878 | Elf:3    | Entered Level 3 of the Elven Halls
 14890 | Elf:3    | uhh
 14902 | Elf:3    | Noticed a deep elf elementalist
 14929 | Elf:3    | Killed a deep elf elementalist
 14932 | Elf:3    | Noticed a deep elf elementalist
 14937 | Elf:3    | Killed a deep elf elementalist
 14981 | Elf:3    | Noticed a deep elf elementalist
 14983 | Elf:3    | Killed a deep elf elementalist
 14983 | Elf:3    | Reached skill level 15 in Earth Magic
 14983 | Elf:3    | Reached XP level 15. HP: 63/63 MP: 30/38
 14986 | Elf:3    | Noticed a deep elf blademaster
 14998 | Elf:3    | Killed a deep elf blademaster
 14998 | Elf:3    | Reached skill level 19 in Spellcasting
 15112 | Elf:3    | Noticed a deep elf sorcerer
 15115 | Elf:3    | Killed a deep elf sorcerer
 15344 | Elf:2    | Offered knowledge of Iron Shot by Vehumet.
 15559 | Elf:3    | Noticed a deep elf master archer
 15571 | Elf:3    | Noticed a deep elf sorcerer
 15571 | Elf:3    | Killed a deep elf master archer
 15572 | Elf:3    | Killed a deep elf sorcerer
 15743 | Elf:3    | Noticed a deep elf blademaster
 15745 | Elf:3    | Killed a deep elf blademaster
 15804 | Elf:3    | Reached skill level 20 in Spellcasting
 15811 | Elf:3    | Reached XP level 16. HP: 67/67 MP: 7/41
 15955 | Elf:3    | Got an iridescent spear {freeze}
 16024 | Elf:3    | Noticed a deep elf master archer
 16026 | Elf:3    | Killed a deep elf master archer
 16109 | Elf:3    | Learned a level 2 spell: Sublimation of Blood
 16117 | Elf:3    | Identified the Disquisition on Doomed Moulding
 16128 | Elf:3    | Identified the +3 spear of Fin Lunk {freeze, +Inv rF+++ MP-9 Dex-4} (You took it off a deep elf knight on level 3 of the Elven Halls)
 16154 | Elf:3    | Identified the +4 lajatang of the Bruised Ships {flame, Str+3} (You took it off a deep elf elementalist on level 3 of the Elven Halls)
 16726 | Elf:2    | Found a huge runed gate.
 16726 | Elf:2    | Found a huge runed gate.
 16726 | Elf:2    | Found a huge runed gate.
 16726 | Elf:2    | Found a huge runed gate.
 16726 | Elf:2    | Found a huge runed gate.
 16746 | Elf:2    | Learned a level 6 spell: Iron Shot
 16848 | Elf:1    | Offered knowledge of Bolt of Fire by Vehumet.
 17189 | Elf:1    | Gained mutation: Your spells are a little easier to cast, but a little less powerful. [potion of mutation]
 17189 | Elf:1    | Gained mutation: You occasionally shout uncontrollably at your foes. [potion of mutation]
 17189 | Elf:1    | Gained mutation: You possess an exceptional clarity of mind. [potion of mutation]
 17190 | Elf:1    | :(
 17278 | Elf:1    | Identified the Catalogue of Attacks
 17866 | Lair:1   | Entered Level 1 of the Lair of Beasts
 17998 | Lair:1   | Reached skill level 21 in Spellcasting
 18409 | Lair:2   | Found a staircase to the Shoals.
 18511 | Lair:3   | Lost mutation: Your spells are a little easier to cast, but a little less powerful. [potion of mutation]
 18511 | Lair:3   | Lost mutation: You possess an exceptional clarity of mind. [potion of mutation]
 18511 | Lair:3   | Lost mutation: You occasionally shout uncontrollably at your foes. [potion of mutation]
 18511 | Lair:3   | Gained mutation: You are frail. (-10% HP) [potion of mutation]
 18511 | Lair:3   | Gained mutation: You are dopey. (Int -2) [potion of mutation]
 18511 | Lair:3   | Gained mutation: Your spells are a little harder to cast, but a little more powerful. [potion of mutation]
 18511 | Lair:3   | Gained mutation: You are somewhat resistant to further mutation. [potion of mutation]
 18545 | Lair:3   | Offered knowledge of Lehudib's Crystal Spear by Vehumet.
 18545 | Lair:3   | Offered knowledge of Glaciate by Vehumet.
 18545 | Lair:3   | Offered knowledge of Shatter by Vehumet.
 18556 | Lair:3   | Learned a level 9 spell: Shatter
 18556 | Lair:3   | oh yes
 18579 | Lair:3   | Reached XP level 17. HP: 56/63 MP: 33/43
 18617 | Lair:3   | Found a labyrinth entrance.
 18637 | Lab      | Entered a labyrinth
 18672 | Lab      | Learned a level 9 spell: Glaciate
 18674 | Lab      | Learned a level 1 spell: Apportation
 18677 | Lab      | Learned a level 2 spell: Passwall
 18680 | Lab      | Learned a level 2 spell: Blink
 18684 | Lab      | Learned a level 3 spell: Regeneration
 19351 | Lair:4   | Found a hole to the Spider Nest.
 19755 | Lair:6   | Entered Level 6 of the Lair of Beasts
 19770 | Lair:6   | Noticed Snorg
 19860 | Lair:6   | Identified the +8 rapier of Tender Mercy {venom, rC- rN+ Dex+4} (You found it on level 6 of the Lair of Beasts)
 20223 | Lair:6   | Killed Snorg
 20284 | Lair:6   | Found the +9 scales of the Dragon King {rPois rF+ rC+ MR+}
 20307 | Lair:6   | :O
 20752 | Shoals:1 | Entered Level 1 of the Shoals
 20903 | Shoals:1 | Found Iplarghoc's Armour Shop.
 21727 | Shoals:2 | Reached skill level 22 in Spellcasting
 22012 | Shoals:3 | Reached XP level 18. HP: 66/66 MP: 29/45
 22373 | Shoals:4 | Entered Level 4 of the Shoals
 22373 | Shoals:4 | Found Jyalicze's Antique Weapon Emporium.
 22407 | Shoals:4 | Found Tailie Naps's Distillery.
 22483 | Shoals:4 | Found Toxei's Weapon Shoppe.
 22516 | Shoals:4 | Bought a potion of agility for 68 gold pieces
 22516 | Shoals:4 | Bought a potion of brilliance for 68 gold pieces
 22516 | Shoals:4 | Bought a potion of mutation for 136 gold pieces
 22516 | Shoals:4 | Bought a potion of resistance for 170 gold pieces
 22516 | Shoals:4 | Bought a potion of mutation for 136 gold pieces
 22516 | Shoals:4 | Bought a potion of resistance for 170 gold pieces
 22548 | Shoals:4 | Found Cuaxe's Antique Weapon Boutique.
 22727 | Shoals:4 | Identified Maisev's Collected Works on the Mountains
 22775 | Shoals:4 | Found Mapniot's Antique Weapon Boutique.
 22798 | Shoals:4 | Noticed Kirke
 22829 | Shoals:4 | Killed Kirke
 22906 | Shoals:4 | Got a barnacled rune of Zot
 23089 | Shoals:4 | Noticed Polyphemus
 23093 | Shoals:4 | Killed Polyphemus
 23156 | Shoals:4 | Noticed Ilsuiw
 23348 | Shoals:4 | Killed Ilsuiw
 23660 | Spider:1 | Entered Level 1 of the Spider Nest
 23909 | Spider:2 | Noticed Asterion
 23986 | Spider:3 | Noticed Arachne
 23999 | Spider:3 | Killed Arachne
 24100 | Spider:3 | Noticed iamserjio's ghost (adept VSEn)
 24154 | Spider:3 | Killed iamserjio's ghost
 24220 | Spider:3 | Reached skill level 23 in Spellcasting
 24312 | Spider:3 | Reached XP level 19. HP: 70/70 MP: 40/47
 24537 | Spider:2 | Killed Asterion
 24631 | Spider:4 | Entered Level 4 of the Spider Nest
 24705 | Spider:4 | Reached skill level 24 in Spellcasting
 24790 | Spider:4 | Got a gossamer rune of Zot
 25251 | Vaults:1 | Entered Level 1 of the Vaults
 25262 | Vaults:1 | Found Bimenuann's Assorted Antiques.
 25279 | Vaults:1 | Bought a potion of brilliance for 156 gold pieces
 25333 | Vaults:1 | Reached skill level 1 in Fighting
 25888 | Vaults:2 | Reached skill level 25 in Spellcasting
 25925 | Vaults:2 | Reached XP level 20. HP: 42/77 MP: 15/50
 26298 | Vaults:2 | Reached skill level 26 in Spellcasting
 26510 | Vaults:3 | magipi: wow
 26610 | Vaults:3 | Reached skill level 1 in Necromancy
 26707 | Vaults:3 | Noticed Frederick
 26708 | Vaults:3 | Reached skill level 5 in Fighting
 26709 | Vaults:3 | Found a staircase to the Crypt.
 26711 | Vaults:3 | Killed Frederick
 26914 | Vaults:3 | Reached skill level 15 in Dodging
 27056 | Vaults:4 | Reached skill level 5 in Necromancy
 27147 | Vaults:4 | Found Zemmip's Book Emporium.
 27253 | Vaults:4 | Reached XP level 21. HP: 62/88 MP: 37/52
 27480 | Vaults:4 | Identified the +4 robe of Hull {rC+} (You acquired it on level 4 of the Vaults)
 27720 | Vaults:2 | Reached skill level 1 in Ice Magic
 27924 | D:14     | Found a roughly hewn altar of Beogh.
 27994 | D:15     | Found a staircase to the Depths.
 28184 | Depths:1 | Entered Level 1 of the Depths
 28599 | Depths:1 | Found a glowing golden altar of the Shining One.
 28607 | Depths:2 | Reached skill level 5 in Ice Magic
 28664 | Depths:1 | Reached XP level 22. HP: 94/94 MP: 0/53
 28917 | Depths:2 | Found a one-way gate to the infinite horrors of the Abyss.
 28938 | Depths:2 | Found a corrupted altar of Lugonu.
 29110 | Depths:2 | Found a gateway to a ziggurat.
 29138 | Depths:2 | Found a bloodstained altar of Trog.
 29148 | Depths:2 | Found a gateway to Hell.
 29186 | Depths:2 | Found the +4 skin of Zhor {rC+++}
 29202 | Depths:2 | Identified the Guide on Twisted Malediction
 29287 | Depths:2 | Noticed a greater mummy
 29288 | Depths:2 | Found a deep blue altar of Sif Muna.
 29290 | Depths:2 | Killed a greater mummy
 29427 | Depths:2 | Found Sunyla's Slaves and Accessories.
 29453 | Depths:2 | Found The Legendary Ribrue Ipar's Legendary Smithy.
 29480 | Depths:2 | Found Jack's Jerk-a-riffic Jerky.
 29483 | Depths:2 | Found Zilus's Miraculous Elixirs.
 29517 | Depths:2 | Bought a ration for 60 gold pieces
 29517 | Depths:2 | Bought a ration for 60 gold pieces
 29517 | Depths:2 | Bought a ration for 60 gold pieces
 29517 | Depths:2 | Bought a ration for 60 gold pieces
 29517 | Depths:2 | Bought a ration for 60 gold pieces
 29517 | Depths:2 | Bought a ration for 60 gold pieces
 29517 | Depths:2 | Bought a ration for 60 gold pieces
 29517 | Depths:2 | Bought a ration for 60 gold pieces
 29517 | Depths:2 | Bought a ration for 60 gold pieces
 29517 | Depths:2 | Bought a ration for 60 gold pieces
 29782 | Depths:3 | Found a one-way gate leading to the halls of Pandemonium.
 29842 | Depths:3 | Found the +8 glaive of the Guard {elec, +Rage AC+5 SInv}
 29843 | Depths:3 | Noticed a juggernaut
 29843 | Depths:3 | Reached skill level 10 in Conjurations
 29846 | Depths:3 | Noticed Bai Suzhen
 29847 | Depths:3 | Killed a juggernaut
 29849 | Depths:3 | Killed Bai Suzhen
 29898 | Depths:3 | Reached skill level 10 in Ice Magic
 29903 | Depths:3 | Found the +8 Wrath of Trog {antimagic, *Rage}
 29987 | Depths:3 | Identified the ring of Zubeff {rElec Str+2 Dex-4 SInv Stlth+} (You found it on level 3 of the Depths)
 30043 | Depths:3 | Reached XP level 23. HP: 51/98 MP: 20/54
 30778 | Depths:5 | Entered Level 5 of the Depths
 30842 | Depths:5 | Found a gate to the Realm of Zot.
 31030 | Depths:5 | Reached XP level 24. HP: 50/102 MP: 51/54
 31235 | Depths:4 | Learned a level 6 spell: Bolt of Cold
 31475 | Zig:1    | Entered Level 1 of a ziggurat
 31486 | Zig:2    | Entered Level 2 of a ziggurat
 31486 | Zig:2    | Noticed Necisul the pandemonium lord
 31486 | Zig:2    | Noticed Teonk the pandemonium lord
 31494 | Zig:2    | Killed Teonk the pandemonium lord
 31494 | Zig:2    | Killed Necisul the pandemonium lord
 31500 | Zig:2    | HP: 2/102 [eldritch tentacle[Teonk] (16)]
 31579 | Zig:3    | Entered Level 3 of a ziggurat
 31637 | Zig:4    | Entered Level 4 of a ziggurat
 31660 | Zig:5    | Entered Level 5 of a ziggurat
 31686 | Zig:5    | Reached XP level 25. HP: 102/105 MP: 54/54
 31696 | Zig:6    | Entered Level 6 of a ziggurat
 31702 | Zig:6    | Found the cursed necklace of Bloodlust {*Rage +Rage MR++ Int-3 Slay+6 *Curse}
 31707 | Zig:6    | 4thArraOfDagon: https://www.youtube.com/watch?v=cgQWp_Hlius
 31709 | Zig:6    | Identified the amulet "Ane Caw" {Inacc Str+3} (You found it on level 6 of a ziggurat)
 31719 | Zig:7    | Entered Level 7 of a ziggurat
 31753 | Zig:8    | Entered Level 8 of a ziggurat
 31759 | Zig:8    | Noticed Cuxoer the pandemonium lord
 31771 | Zig:8    | Reached XP level 26. HP: 38/109 MP: 51/54
 31774 | Zig:9    | Entered Level 9 of a ziggurat
 31824 | Zig:9    | Noticed Hiedok the pandemonium lord
 31840 | Zig:10   | Entered Level 10 of a ziggurat
 31850 | Zig:10   | Noticed Rilam the pandemonium lord
 31852 | Zig:10   | Killed Rilam the pandemonium lord
 31889 | Zig:10   | Identified the ring "Ahaseg" {rElec AC+3 Str-2 Slay-4 SInv} (You found it on level 10 of a ziggurat)
 31943 | Zig:11   | Entered Level 11 of a ziggurat
 32017 | Zig:12   | Entered Level 12 of a ziggurat
 32028 | Zig:12   | Noticed a juggernaut
 32031 | Zig:12   | Killed a juggernaut
 32080 | Zig:13   | Entered Level 13 of a ziggurat
 32093 | Zig:13   | Reached skill level 15 in Ice Magic
 32100 | Zig:13   | Found the +7 captain's cutlass {speed, disarm}
 32146 | Zig:14   | Entered Level 14 of a ziggurat
 32160 | Zig:14   | Reached skill level 15 in Conjurations
 32160 | Zig:14   | Reached XP level 27. HP: 74/113 MP: 54/54
 32196 | Zig:14   | Reached skill level 10 in Invocations
 32255 | Zig:15   | Entered Level 15 of a ziggurat
 32271 | Zig:15   | Noticed Boryhiri the pandemonium lord
 32287 | Zig:15   | HP: 1/113 [Hell Sentinel/damnation (23)]
 32304 | Zig:15   | Killed Boryhiri the pandemonium lord
 32322 | Zig:15   | Identified the ring "Mettasiane" {Fire Str+2} (You found it on level 15 of a ziggurat)
 32390 | Zig:16   | Entered Level 16 of a ziggurat
 32401 | Zig:16   | Noticed a juggernaut
 32405 | Zig:16   | Noticed a juggernaut
 32406 | Zig:16   | Noticed a juggernaut
 32406 | Zig:16   | Killed a juggernaut
 32407 | Zig:16   | Killed a juggernaut
 32408 | Zig:16   | Killed a juggernaut
 32416 | Zig:16   | Found the brooch of Shielding {Reflect SH+8}
 32449 | Zig:16   | Identified the Catalogue of Snow
 32453 | Zig:16   | Identified the Collected Works on the Assistive Rocks
 32471 | Zig:17   | Entered Level 17 of a ziggurat
 32522 | Zig:17   | Identified the ring "Cofy" {rPois Str+2 Stlth+} (You found it on level 17 of a ziggurat)
 32529 | Zig:17   | Identified the Tome of Doomed Confrontation
 32551 | Zig:18   | Entered Level 18 of a ziggurat
 32570 | Zig:18   | Slain by a freezing wraith

Vault maps used:
D:1:      dpeg_arrival_tiny_e, st_stairs_10, minmay_misc_feat_four_crosses
D:2:      doesnt_xom_only_xom, minmay_misc_feat_columns
D:3:      minmay_goblin_outpost, uniq_natasha
D:4:      kennysheep_slug_shrine, minmay_temple_entry_hall, first_ration,
          uniq_grinder
D:5:      good_gods_mini_temple, okawaru_ov_weapons_minmay, lemuel_doored_altar,
          gammafunk_temple_overflow_statue, fountainhead
D:6:      basic_altar, hangedman_decor_riveting, uniq_menkaure
D:7:      grunt_dithmenos_smoke_and_mirrors, hangedman_ru_absence,
          trog_ov_bears_minmay, serial_shops, kennysheep_mini, the_bakery
D:8:      nemelex_xobeh_ov_fountains_minmay, enter_ossuary_1, fedhas_altar_3
D:9:      lair_entry_dummy, basic_altar
D:10:     minmay_statue_hallways
D:11:     hiddenorc2_lemuel, uniq_urug
D:12:     serial_shops, kennysheep_mini_moat
D:13:     erik_vaults_2
D:14:     enter_bailey_3, serial_shops, shop, special_room,
          hangedman_abyss_or_decor_stagger, hangedman_decor_push
D:15:     grunt_enter_depths_snipers, nrook_uturn
Temple:   jpeg_temple_island
Lair:2:   beast_lair_carwin_large_3, elwin_shoals_entry_stream,
          serial_bayou_shore_b
Lair:3:   lab_entry_generic, minmay_lair_oklob_items
Lair:4:   spider_nest_entry_webs, dpeg_oklob_1
Lair:5:   lemuel_fruit_tree
Lair:6:   evilmike_catoblepas_cave, slime_altar_2, serial_bayou_shore_a,
          uniq_snorg
Shoals:1: serial_shops, shop
Shoals:4: shoals_end_grunt_ice, shoals_ilsuiw_alternative, serial_shops,
          nicolae_shop_crystal, nicolae_shop_window_shopping, shop,
          shop_fountains, nicolae_shop_statue_plus, uniq_kirke, uniq_polyphemus
Spider:2: hangedman_spider_tarantella_strand, uniq_asterion
Spider:3: uniq_arachne
Spider:4: grunt_spider_rune_circles, spider_trap
Orc:1:    portal_ice_cave_entry_pillars_1, minmay_orc_keep
Orc:2:    grunt_orc_cross, uniq_donald, uniq_maurice, uniq_nessos
Elf:1:    minmay_elf_annihilation
Elf:2:    serial_shops, nicolae_shop_behind_doors,
          serial_sigils_hangedman_clutch
Elf:3:    grunt_elf_hall_spiral
Vaults:1: vaults_dpeg_diagonal, vaults_room_large_hall, nicolae_vaults_asterisk,
          nicolae_vaults_network_s, vaults_room_grunt_arrival_ludios,
          vaults_room_door_ring, serial_shops, nicolae_shop_waterfront
Vaults:2: nicolae_vaults_what_the_h, vaults_room_corners, st_quartered_hall,
          nicolae_vaults_big_ls, nicolae_vaults_little_ls, v_alt_pattern_5,
          v_alt_pattern_4, ontoclasm_vaults_eye, hangedman_vaults_maws,
          vaults_room_hallway, nicolae_vaults_diagonal_hallway_9
Vaults:3: hangedman_vaults_nodes, ontoclasm_vaults_fire_temple, v_misc_27,
          vaults_standard_mumra_enter_the_diamond,
          minmay_crypt_entry_skeletal_spiral, nicolae_vaults_big_angled_halls,
          v_pattern_4, vaults_mumra_chevron, vaults_room_semicircle,
          v_alt_pattern_1, v_misc_2, nicolae_vaults_border_crossing,
          nicolae_vaults_little_squares_1, uniq_frederick
Vaults:4: hangedman_vaults_unwind, nicolae_vaults_alarming,
          ontoclasm_vaults_ligature, nicolae_vaults_mini_display_case,
          vaults_room_corners, hangedman_vaults_variations, v_misc_16,
          vaults_mumra_chevron_long, hangedman_vaults_nails, vaults_dpeg_ring,
          ontoclasm_vaults_gateway, ontoclasm_vaults_idyll, v_alt_pattern_3,
          serial_shops, nicolae_shop_trees
Depths:1: minmay_misc_feat_enclosed, hell_entry, tso_metal_star
Depths:2: grated_community_mu, enter_ziggurat_a, nicolae_twisting_strands,
          abyss_entry_flame_altar, hell_entry
Depths:3: minmay_guarded_unrand_guard, serial_bayou_pond_e,
          grunt_hell_entry_demonic_statue, pan_entry,
          minmay_guarded_unrand_wrath_of_trog, uniq_bai_suzhen
Depths:4: evilmike_diamond_1, abyss_entry, minmay_misc_feat_ornament,
          serial_shops, nicolae_shop_trees, grunt_hell_entry_dis_old,
          basic_stair_grate_trap, infiniplex_staircase_hallway_doors
Depths:5: grunt_zot_entry_alcove, pf_coc_iceberg, hangedman_abyss_entry_splay,
          grunt_megastairs_3
Zig:10:   ziggurat_pillar_centre_oklobs
Zig:12:   ziggurat_pillar_centre_smoke
Zig:13:   ziggurat_pillar_centre_dead_trees
Zig:18:   ziggurat_pillar_centre_c
Lab:      labyrinth_hidden_loot, nicolae_lab_do_over, nicolae_lab_x,
          labyrinth_skeletal_remains, nicolae_lab_lava, nicolae_lab_garden,
          nicolae_lab_flowing_pool
Ossuary:  ossuary_kennysheep_city_of_the_dead
Bailey:   bailey_polearm_3, bailey
IceCv:    ice_cave_small_giant

Skill      XL: |  1  2  3  4  5  6  7  8  9 10 11 12 13 14 15 16 17 18 19 20 21 22 23 24 25 26 27 |
---------------+----------------------------------------------------------------------------------+-----
Conjurations   | 1 2 3 4 5 7 10 12 13 15 16 | 16.5
Spellcasting   | 3 4 5 14 15 16 17 18 20 21 22 23 25 26 | 26.0
Fire Magic     | 3 4 5 6 |  6.1
Dodging        | 4 5 6 8 10 12 13 15 16 | 16.0
Earth Magic    | 1 5 8 10 13 15 16 18 19 21 | 21.4
Fighting       | 1 5 7 |  7.0
Necromancy     | 5 7 |  7.4
Ice Magic      | 6 10 12 13 15 17 | 17.1
Invocations    | 6 13 | 13.8
Stealth        | |  3.0

Action                   |  1- 3 |  4- 6 |  7- 9 | 10-12 | 13-15 | 16-18 | 19-21 | 22-24 | 25-27 || total
-------------------------+-------+-------+-------+-------+-------+-------+-------+-------+-------++-------
Melee: Unarmed           |     6 |       |       |       |       |       |       |       |       ||     6
       Short sword       |       |    15 |       |   112 |   120 |    46 |     4 |     5 |       ||   302
       Falchion          |       |    50 |    96 |       |       |       |       |       |       ||   146
       Scimitar          |       |       |    19 |   162 |     8 |       |       |       |       ||   189
 Cast: Flame Tongue      |    20 |    79 |   111 |   290 |   116 |       |       |       |       ||   616
       Sticky Flame      |       |     2 |    14 |    79 |    60 |    41 |    11 |     7 |       ||   214
       Conjure Flame     |       |       |     5 |    60 |    11 |       |       |       |       ||    76
       Fireball          |       |       |     1 |    69 |   129 |   237 |    79 |    39 |     7 ||   561
       Lee's Rapid Decon |       |       |       |    11 |   199 |   187 |    34 |    19 |       ||   450
       Iron Shot         |       |       |       |       |       |   132 |    69 |    47 |       ||   248
       Sublimation of Bl |       |       |       |       |       |     7 |     9 |    34 |    10 ||    60
       Petrify           |       |       |       |       |       |     2 |       |       |       ||     2
       Shatter           |       |       |       |       |       |    24 |   153 |   134 |    84 ||   395
       Regeneration      |       |       |       |       |       |     1 |    15 |    23 |    16 ||    55
       Glaciate          |       |       |       |       |       |       |       |     3 |     6 ||     9
       Blink             |       |       |       |       |       |       |       |       |     1 ||     1
Evoke: Wand              |       |     4 |     1 |     4 |    23 |     9 |     1 |     3 |       ||    45
       Lightning rod     |       |       |       |       |       |     2 |       |       |       ||     2
  Use: Potion            |       |     1 |     1 |     2 |     6 |     9 |     3 |     7 |    11 ||    40
       Scroll            |       |       |    16 |     8 |    10 |    20 |     6 |     9 |    15 ||    84
 Stab: Sleeping          |       |     7 |     4 |     3 |       |       |       |       |       ||    14
  Eat: Ration            |       |       |     2 |     4 |     4 |     7 |    14 |     4 |     2 ||    37
Armor: Robe              |     1 |    16 |    27 |    10 |       |     4 |     4 |     1 |       ||    63
       Acid dragon scale |       |       |       |    36 |       |       |       |       |       ||    36
       Troll leather arm |       |       |       |     9 |    19 |    24 |       |       |       ||    52
Dodge: Dodged            |     9 |    76 |   148 |   319 |   237 |   248 |   130 |    94 |    25 ||  1286
       Deflected         |       |       |       |     5 |     8 |    26 |     8 |    11 |       ||    58
       Rpst.: Falchion   |       |    19 |    27 |       |       |       |       |       |       ||    46
       Scimitar          |       |       |     5 |    54 |     2 |       |       |       |       ||    61

Table legend:
 A = Spawn XP
 B = Non-spawn XP
 C = Spawn XP percentage of total XP
 D = Spawn monster count
 E = Non-spawn monster count
 F = Spawn count percentage of total count
 G = Total turns spent on level
                    A         B        C        D         E        F      G
               +---------+---------+-------+---------+---------+-------+---------
         Total |       0 | 1320998 |   0.0 |       0 |    2351 |   0.0 | 32570
               +---------+---------+-------+---------+---------+-------+---------
           D:1 |       0 |      47 |   0.0 |       0 |      19 |   0.0 |   699
           D:2 |       0 |      64 |   0.0 |       0 |      14 |   0.0 |   631
           D:3 |       0 |      54 |   0.0 |       0 |      11 |   0.0 |   491
           D:4 |       0 |     685 |   0.0 |       0 |      24 |   0.0 |  1036
           D:5 |       0 |     139 |   0.0 |       0 |       5 |   0.0 |   745
           D:6 |       0 |     503 |   0.0 |       0 |      11 |   0.0 |   589
           D:7 |       0 |    1799 |   0.0 |       0 |      27 |   0.0 |  1004
           D:8 |       0 |    1058 |   0.0 |       0 |      28 |   0.0 |   795
           D:9 |       0 |    2603 |   0.0 |       0 |      38 |   0.0 |   770
          D:10 |       0 |    4254 |   0.0 |       0 |      48 |   0.0 |   881
          D:11 |       0 |    7454 |   0.0 |       0 |      78 |   0.0 |   947
          D:12 |       0 |    2666 |   0.0 |       0 |      17 |   0.0 |   917
          D:13 |       0 |   17846 |   0.0 |       0 |      41 |   0.0 |  1447
          D:14 |       0 |   11704 |   0.0 |       0 |      72 |   0.0 |   996
          D:15 |       0 |   20635 |   0.0 |       0 |      37 |   0.0 |   765
        Lair:1 |       0 |    5140 |   0.0 |       0 |      18 |   0.0 |   398
        Lair:2 |       0 |    6016 |   0.0 |       0 |      26 |   0.0 |   502
        Lair:3 |       0 |    7311 |   0.0 |       0 |      38 |   0.0 |   387
        Lair:4 |       0 |    4970 |   0.0 |       0 |      17 |   0.0 |   542
        Lair:5 |       0 |    5308 |   0.0 |       0 |      21 |   0.0 |   362
        Lair:6 |       0 |   17689 |   0.0 |       0 |      39 |   0.0 |   610
      Shoals:1 |       0 |   18274 |   0.0 |       0 |      39 |   0.0 |   597
      Shoals:2 |       0 |   12335 |   0.0 |       0 |      24 |   0.0 |   539
      Shoals:3 |       0 |   15912 |   0.0 |       0 |      32 |   0.0 |   568
      Shoals:4 |       0 |   37604 |   0.0 |       0 |      53 |   0.0 |  1041
      Spider:1 |       0 |    8181 |   0.0 |       0 |      19 |   0.0 |   245
      Spider:2 |       0 |   15710 |   0.0 |       0 |      38 |   0.0 |   295
      Spider:3 |       0 |   25487 |   0.0 |       0 |      64 |   0.0 |   468
      Spider:4 |       0 |   42829 |   0.0 |       0 |      97 |   0.0 |   290
         Orc:1 |       0 |    2736 |   0.0 |       0 |      28 |   0.0 |   443
         Orc:2 |       0 |   12399 |   0.0 |       0 |      75 |   0.0 |  1026
         Elf:1 |       0 |   23093 |   0.0 |       0 |      36 |   0.0 |   852
         Elf:2 |       0 |   26152 |   0.0 |       0 |      37 |   0.0 |   987
         Elf:3 |       0 |   59431 |   0.0 |       0 |      58 |   0.0 |  1057
      Vaults:1 |       0 |   28678 |   0.0 |       0 |      65 |   0.0 |   597
      Vaults:2 |       0 |   59126 |   0.0 |       0 |     110 |   0.0 |   684
      Vaults:3 |       0 |   64798 |   0.0 |       0 |      96 |   0.0 |   687
      Vaults:4 |       0 |   52140 |   0.0 |       0 |      68 |   0.0 |   639
      Depths:1 |       0 |   38423 |   0.0 |       0 |      57 |   0.0 |   699
      Depths:2 |       0 |   95160 |   0.0 |       0 |     127 |   0.0 |   813
      Depths:3 |       0 |   71124 |   0.0 |       0 |      78 |   0.0 |   655
      Depths:4 |       0 |   76701 |   0.0 |       0 |      71 |   0.0 |   669
      Depths:5 |       0 |   69836 |   0.0 |       0 |      58 |   0.0 |   414
         Zig:1 |       0 |    1113 |   0.0 |       0 |       4 |   0.0 |    11
         Zig:2 |       0 |    7113 |   0.0 |       0 |       2 |   0.0 |    93
         Zig:3 |       0 |    4967 |   0.0 |       0 |       3 |   0.0 |    58
         Zig:4 |       0 |    4872 |   0.0 |       0 |       8 |   0.0 |    23
         Zig:5 |       0 |    6906 |   0.0 |       0 |       6 |   0.0 |    36
         Zig:6 |       0 |    3001 |   0.0 |       0 |       9 |   0.0 |    23
         Zig:7 |       0 |    7201 |   0.0 |       0 |      13 |   0.0 |    34
         Zig:8 |       0 |   12637 |   0.0 |       0 |       9 |   0.0 |    21
         Zig:9 |       0 |   10271 |   0.0 |       0 |       9 |   0.0 |    66
        Zig:10 |       0 |   27014 |   0.0 |       0 |      19 |   0.0 |   103
        Zig:11 |       0 |   14972 |   0.0 |       0 |      21 |   0.0 |    74
        Zig:12 |       0 |   23057 |   0.0 |       0 |      30 |   0.0 |    63
        Zig:13 |       0 |   32459 |   0.0 |       0 |      21 |   0.0 |    66
        Zig:14 |       0 |   30964 |   0.0 |       0 |      30 |   0.0 |   109
        Zig:15 |       0 |   48685 |   0.0 |       0 |      26 |   0.0 |   135
        Zig:16 |       0 |   42350 |   0.0 |       0 |      45 |   0.0 |    81
        Zig:17 |       0 |   25618 |   0.0 |       0 |      45 |   0.0 |    80
        Zig:18 |       0 |   24486 |   0.0 |       0 |      25 |   0.0 |    19
           Lab |       0 |    2612 |   0.0 |       0 |       9 |   0.0 |   341
       Ossuary |       0 |     357 |   0.0 |       0 |      12 |   0.0 |   319
        Bailey |       0 |    5944 |   0.0 |       0 |      10 |   0.0 |   253
         IceCv |       0 |   10325 |   0.0 |       0 |      36 |   0.0 |   715
               +---------+---------+-------+---------+---------+-------+---------
